 Dungeon Crawl Stone Soup version 0.28.0-53-g5a82cb258f (webtiles) character file.

Game seed: 9907047596796742045

644 bnorton916 the Magician (level 7, 0/36 HPs)
             Began as a Deep Elf Fire Elementalist on June 3, 2022.
             Killed from afar by Natasha (8 damage)
             ... with a magic dart
             ... on level 4 of the Dungeon.
             The game lasted 00:04:47 (5060 turns).

bnorton916 the Magician (DEFE)                      Turns: 5060, Time: 00:04:47

Health: 0/36       AC:  3    Str:  5    XL:     7   Next: 27%
Magic:  16/18      EV: 12    Int: 22    God:
Gold:   166        SH:  0    Dex: 15    Spells: 13/19 levels left

rFire   + . .      SeeInvis .   (no weapon)
rCold   . . .      Faith    .   (no shield)
rNeg    . . .      Spirit   .   a - +0 robe
rPois   .          Reflect  .   (no helmet)
rElec   .          Harm     .   w - +0 cloak {rCorr}
rCorr   +          Rampage  .   (no gloves)
Will    .....                   (no boots)
Stlth   ++........              (no amulet)
HPRegen 0.12/turn               i - ring of protection from cold
MPRegen 0.16/turn               s - ring of fire

@: no status effects
A: no striking features
a: no special abilities


You were on level 4 of the Dungeon.
You visited 1 branch of the dungeon, and saw 4 of its levels.

You collected 166 gold pieces.

Inventory:

Missiles
 d - 108 stones
 k - 9 boomerangs
 n - 5 poisoned darts
Armour
 a - a +0 robe (worn)
 w - a +0 cloak of preservation (worn)
Magical Staves
 j - a staff of cold
Jewellery
 i - a ring of protection from cold (left hand)
 s - a ring of fire (right hand)
Scrolls
 c - a scroll of fog {unknown}
 g - a scroll of fear {unknown}
 h - a scroll of brand weapon {unknown}
 p - 2 scrolls of identify {unknown}
 q - a scroll of summoning {unknown}
 r - a scroll of noise {unknown}
 t - a scroll of vulnerability {unknown}
 u - a scroll of amnesia {unknown}
 x - a scroll of blinking {unknown}
Potions
 b - 3 potions of degeneration {unknown}
 e - a potion of haste {unknown}
 f - a potion of cancellation {unknown}
 l - 2 potions of mutation {unknown}
 m - a potion of flight {unknown}
 o - a potion of heal wounds {unknown}
 v - a potion of curing {unknown}
 z - a potion of invisibility {unknown}


   Skills:
 - Level 2.4 Dodging
 - Level 2.4 Stealth
 + Level 6.6 Spellcasting
 + Level 5.0 Conjurations
 + Level 6.0 Fire Magic


You had 13 spell levels left.
You knew the following spells:

 Your Spells              Type           Power      Damage    Failure   Level
a - Foxfire               Conj/Fire      100%       2x1d9     1%          1
b - Scorch                Fire           100%       2d10      1%          2
c - Conjure Flame         Conj/Fire      47%        6-21      2%          3

Your spell library contained the following spells:

 Spells                   Type           Power      Damage    Failure   Level
 Inner Flame              Hex/Fire       30%        N/A       8%          3
 Animate Skeleton         Necr           14%        N/A       9%          1
 Pain                     Necr           28%        1d5       9%          1
 Flame Wave               Conj/Fire      47%        2d10      9%          4
 Confusing Touch          Hex            7%         N/A       26%         3
 Vampiric Draining        Necr           7%         2d6       26%         3
 Yara's Violent Unravell  Hex/Tmut       3%         3d4       94%         5
 Enfeeble                 Hex            3%         N/A       100%        7


Dungeon Overview and Level Annotations

Branches:
Dungeon (4/15)
 Temple: D:4-7

Altars:

Shops:
D:1 *

Annotations:
D:4 3 runed translucent doors, Natasha; Sin92's ghost, amateur DsFi


Message History

The orc warrior's fire resistance burns away.
The orc warrior hits you with a +0 war axe!
The orc warrior hits you with a +0 war axe!!
Ouch! That really hurt!
* * * LOW HITPOINT WARNING * * *
Casting: Scorch (safe; 1% risk of failure)
Confirm with . or Enter, or press ? or * to list all spells.
You feel a surge of power!
Flames lash the orc warrior.
The orc warrior is burned terribly!
You kill the orc warrior!
Your Conjurations skill increases to level 5!
Your Fire Magic skill increases to level 6!
k - 9 boomerangs (gained 3)
Things that are here:
a +0 war axe; a +0 plate armour You start resting.
Magic restored.
You start resting.
Natasha, Servant of Life and Death comes into view.
She is carrying a wand of flame (5).
Natasha is nearby!
Natasha is nearby!
Casting: Scorch (safe; 1% risk of failure)
Confirm with . or Enter, or press ? or * to list all spells.
You feel a surge of power!
You conjure some foxfire!
Natasha hisses angrily.
Natasha zaps a wand.
The puff of flame hits you. You resist.
Casting: Foxfire (safe; 1% risk of failure)
Confirm with . or Enter, or press ? or * to list all spells.
You feel a surge of power!
You conjure some foxfire!
The foxfire hits Natasha.
Natasha is moderately wounded.
The foxfire hits Natasha.
Natasha is heavily wounded.
Natasha zaps a wand.
The puff of flame hits you. You resist.
* * * LOW HITPOINT WARNING * * *
Natasha mumbles some strange words.
The foxfire hits the crimson imp.
The crimson imp completely resists.
The foxfire hits the crimson imp.
The crimson imp completely resists.
Natasha stares at you and mumbles some strange words.
The magic dart hits you!
You die...

#)#### ###.).. #.....#
##.....## #....)..#
#.......# ## #.......#
# ###. ###.##.##.#
##.♣P## #....@.§#.###
#.....# #.#.##§§....#
$.###.+ #
#...§§..#.###:.KWKK+ #
##..§§......#..###K+
##.##.#§.###.####...KK#
........5....# ##P♣K##
##.....h.#.###########.
###.#...#.# #......#.
#.#...#.# #.# #...


You could see Natasha and a crimson imp (summoned).

Vanquished Creatures
  An orc warrior (D:4)
  A necrophage (D:4)
  The ghost of issech the Chopper, an amateur MiMo (D:3)
  An ogre (D:4)
  A kobold brigand (D:4)
  A howler monkey (D:4)
  Crazy Yiuf (D:4)
  Natasha (D:4)
  4 adders
  An ufetubus (D:4)
  3 worms
  2 adder simulacra (D:3)
  4 dart slugs
  3 orcs (D:4)
  4 ball pythons
  3 bats
  8 endoplasms
  3 giant cockroaches
  3 goblins
  6 hobgoblins
  3 jackals (D:3)
  8 kobolds
  3 quokkas
  7 frilled lizards
  A giant cockroach simulacrum (D:3)
  A quokka simulacrum (D:3)
  2 rats (D:2)
77 creatures vanquished.

Vanquished Creatures (others)
  325 foxfires
  2 fungi (D:4)
  2 plants (D:4)
329 creatures vanquished.

Grand Total: 406 creatures vanquished

Notes
Turn   | Place    | Note
-------+----------+-------------------------------------------
     0 | D:1      | bnorton916 the Deep Elf Fire Elementalist began the quest
                  | for the Orb.
     0 | D:1      | Reached XP level 1. HP: 10/10 MP: 6/6
   434 | D:1      | Found Uhup's General Store.
   888 | D:1      | Reached XP level 2. HP: 15/15 MP: 6/8
  1025 | D:1      | Found a faded altar of an unknown god.
  1512 | D:2      | Reached XP level 3. HP: 14/19 MP: 3/10
  1942 | D:2      | Reached XP level 4. HP: 13/24 MP: 8/12
  2784 | D:3      | Identified the +1 scale mail of Getia {Harm Str+5 Slay+3}
  2932 | D:3      | Found a runed translucent gate.
  2933 | D:3      | Found a runed translucent gate.
  2934 | D:3      | Found a runed translucent gate.
  3316 | D:3      | Noticed issech's ghost (amateur MiMo)
  3376 | D:3      | Learned a level 2 spell: Scorch
  3400 | D:3      | Learned a level 3 spell: Conjure Flame
  3421 | D:3      | Killed issech's ghost
  3422 | D:3      | Reached skill level 5 in Spellcasting
  3422 | D:3      | Reached XP level 5. HP: 26/28 MP: 1/14
  3938 | D:4      | Reached skill level 5 in Fire Magic
  3971 | D:4      | Noticed an ogre
  3979 | D:4      | Killed an ogre
  3980 | D:4      | Reached XP level 6. HP: 32/32 MP: 11/16
  4440 | D:4      | Found a runed translucent door.
  4441 | D:4      | Noticed Crazy Yiuf
  4450 | D:4      | Killed Crazy Yiuf
  4625 | D:4      | Reached XP level 7. HP: 36/36 MP: 10/18
  4879 | D:4      | Found a runed translucent gate.
  4879 | D:4      | Found a runed translucent gate.
  4882 | D:4      | Found a runed translucent gate.
  4882 | D:4      | Noticed Sin92's ghost (amateur DsFi)
  4919 | D:4      | Noticed Natasha
  4925 | D:4      | Killed Natasha
  4972 | D:4      | Reached skill level 5 in Conjurations
  5055 | D:4      | Noticed Natasha
  5060 | D:4      | Killed from afar by Natasha

Illustrated notes

Levels and vault maps discovered:
D:1:      heliophobic_arrival_battle_scene, layout_loops_corners,
          shapermc_ecumenical_altar_mp_vishouse, serial_shops, shop
D:2:      layout_rooms
D:3:      layout_rooms, gammafunk_ghost_icy
D:4:      layout_loops_cross, gammafunk_ghost_nasty_kobolds, minivault_14,
          kennysheep_potato, uniq_crazy_yiuf_cottage, uniq_robin, uniq_natasha

Skill      XL: |  1  2  3  4  5  6  7 |
---------------+----------------------+-----
Conjurations   | 2 3 4 5 |  5.0
Spellcasting   | 4 5 6 |  6.6
Fire Magic     | 4 5 6 |  6.0
Dodging        | |  2.4
Stealth        | |  2.4

Action                   |  1- 3 |  4- 6 |  7- 9 || total
-------------------------+-------+-------+-------++-------
 Cast: Foxfire           |    92 |    78 |    16 ||   186
       Scorch            |       |    13 |     3 ||    16
       Conjure Flame     |       |     4 |       ||     4
Armor: Robe              |     4 |     2 |       ||     6
Dodge: Dodged            |    18 |    12 |     4 ||    34
